 Dungeon Crawl Stone Soup version 0.20.0-15-g7f486f2 (webtiles) character file.

1002 esteth the Geomancer (level 8, -1/63 HPs)
             Began as a Gargoyle Earth Elementalist on June 16, 2017.
             Slain by Malak's ghost (7 damage)
             ... on level 5 of the Dungeon.
             The game lasted 00:15:13 (6376 turns).

esteth the Geomancer (Gargoyle Earth Elementalist)  Turns: 6376, Time: 00:15:14

Health: -1/63      AC: 24    Str: 13    XL:     8   Next: 20%
Magic:  0/11       EV: -1    Int: 17    God:
Gold:   120        SH:  0    Dex: 10    Spells: 10/11 levels left

rFire    + . .     SeeInvis .   k - +0 whip
rCold    . . .     Gourm    .   (no shield)
rNeg     + + +     Faith    .   (armour currently unavailable)
rPois    ∞         Spirit   .   (helmet currently unavailable)
rElec    .         Reflect  .   (cloak currently unavailable)
rCorr    .         Harm     .   (gloves currently unavailable)
MR       .....     NoTele   +   (boots currently unavailable)
Stlth    ++........             (no amulet)
Regen    0.2/turn               s - ring of protection from fire
MPRegen  0.2/turn               (no ring)

@: tree-form (expiring), constricted
A: negative energy resistance 1, petrification resistance, rot immunity, AC +5
a: no special abilities


You were on level 5 of the Dungeon.
You were hungry.
You were a tree.
You visited 1 branch of the dungeon, and saw 5 of its levels.

You collected 120 gold pieces.

Inventory:

Hand Weapons
 k - a +0 whip (weapon)
Missiles
 b - 39 stones (quivered)
Armour
 c - a +0 robe (melded)
 f - a +0 pair of boots (melded)
Jewellery
 s - a ring of protection from fire (left branch)
Scrolls
 g - 7 scrolls of identify
 h - a scroll of remove curse {unknown}
 l - a scroll of noise {unknown}
 m - a scroll of enchant weapon {unknown}
 w - a scroll of fog {unknown}
 x - a scroll of random uselessness {unknown}
Potions
 i - a potion of flight {unknown}
 n - a potion of might {unknown}
 o - a potion of degeneration {unknown}
 p - a potion of berserk rage {unknown}
 r - a potion of heal wounds {unknown}
 u - a potion of mutation {unknown}
 v - a potion of invisibility {unknown}
Books
 e - a book of Geomancy

   Spells                             Type                      Level
   a - Sandblast                      Earth                        1
   b - Passwall                       Transmutation/Earth          2
   c - Stone Arrow                    Conjuration/Earth            3
   d - Petrify                        Transmutation/Earth          4
   e - Lee's Rapid Deconstruction     Earth                        5
Comestibles
 d - 3 bread rations
 j - 2 royal jellies
 t - 4 meat rations


   Skills:
 + Level 0.4 Fighting
 + Level 0.4 Maces & Flails
 + Level 0.9 Armour
 + Level 1.7 Dodging
 - Level 2.1 Stealth
 + Level 2.1 Spellcasting
   Level 0.7 Transmutations
 - Level 11.1 Earth Magic


You had 10 spell levels left.
You knew the following spells:

 Your Spells              Type           Power        Failure   Level  Hunger
a - Sandblast             Erth           #####.       1%          1    #......


Dungeon Overview and Level Annotations

Branches:
Dungeon (5/15)
 Temple: D:4-7

Altars:
Okawaru

Annotations:
D:5 Malak's ghost, amateur DsFi


Innate Abilities, Weirdness & Mutations

You are resistant to torment.
((Your stone body is resilient. (AC +5)))
You are immune to poison.
You resist negative energy. (rN+)
((You are resistant to electric shocks. (rElec)))
((You can survive without breathing.))
You are immune to petrification.
You are immune to rotting.


Message History

The ball python bites you but does no damage.
The ball python constricts you.
Casting: Sandblast
Confirm with . or Enter, or press ? or * to list all spells.
Aiming: Sandblast
Press: ? - help, Shift-Dir - straight line, f/p - Malak's ghost
Aim: Malak's ghost (almost destroyed)
The blast of sand hits Malak's ghost.
Malak's ghost is almost destroyed.
b - 39 stones Malak's ghost hits you!
* * * LOW HITPOINT WARNING * * *
The ball python bites you but does no damage.
The ball python constricts you.
You hit Malak's ghost.
Malak's ghost is almost destroyed.
Malak's ghost hits you but does no damage.
The ball python bites you but does no damage.
The ball python constricts you. Malak's ghost hits you!
You die...

# #. #.##. ...
####.###
###......###.#.#
....#...†....#
##..##..####....
#...#S..####. .
#..♣W........
##.....####..
#.#.#.# #.#.#...
###>##### #.#
#.. #.#


You could see Malak's ghost and a ball python.

Vanquished Creatures
  3 ogres (D:4)
  A scorpion (D:4)
  An orc priest (D:4)
  2 hounds (D:4)
  A bullfrog skeleton (D:4)
  4 orc wizards
  Jessica (D:2)
  2 iguanas (D:4)
  Terence (D:2)
  Natasha (thrice) (D:3)
  2 worker ants (D:4)
  A hound zombie (D:4)
  8 gnolls
  5 adders
  An ooze (D:1)
  A worm (D:4)
  3 dart slugs (D:1)
  A leopard gecko (D:1)
  12 orcs
  2 ball pythons
  8 giant cockroaches
  7 goblins
  7 hobgoblins
  2 jackals (D:3)
  5 kobolds
  A quokka (D:4)
  9 bats
  11 frilled lizards
  A leopard gecko skeleton (D:4)
  12 rats
118 creatures vanquished.

Notes
Turn   | Place    | Note
-------+----------+-------------------------------------------
     0 | D:1      | esteth the Gargoyle Earth Elementalist began the quest for the Orb.
     0 | D:1      | Reached XP level 1. HP: 10/10 MP: 3/3
    86 | D:1      | Reached skill level 4 in Earth Magic
    91 | D:1      | Reached XP level 2. HP: 10/15 MP: 5/5
   858 | D:1      | Reached XP level 3. HP: 13/19 MP: 3/6
   863 | D:1      | Reached skill level 5 in Earth Magic
  1989 | D:2      | Noticed Terence
  2004 | D:2      | Killed Terence
  2004 | D:2      | Reached skill level 6 in Earth Magic
  2004 | D:2      | Reached XP level 4. HP: 20/24 MP: 2/7
  2077 | D:2      | Noticed Jessica
  2082 | D:2      | Killed Jessica
  2249 | D:2      | Reached XP level 5. HP: 26/28 MP: 5/8
  2254 | D:2      | Reached skill level 7 in Earth Magic
  2721 | D:2      | Found an iron altar of Okawaru.
  2989 | D:3      | Noticed Natasha
  3003 | D:3      | Killed Natasha
  3068 | D:3      | Reached XP level 6. HP: 27/32 MP: 5/9
  3179 | D:3      | Noticed Natasha
  3185 | D:3      | Killed Natasha
  3185 | D:3      | Reached skill level 8 in Earth Magic
  3327 | D:3      | Noticed Natasha
  3341 | D:3      | Killed Natasha
  4462 | D:4      | Reached skill level 9 in Earth Magic
  4471 | D:4      | Reached XP level 7. HP: 27/36 MP: 7/10
  4896 | D:4      | Reached skill level 10 in Earth Magic
  6118 | D:4      | Reached skill level 11 in Earth Magic
  6118 | D:4      | Reached XP level 8. HP: 41/41 MP: 8/11
  6339 | D:5      | Entered Level 5 of the Dungeon
  6345 | D:5      | Noticed Malak's ghost (amateur DsFi)
  6376 | D:5      | Slain by Malak's ghost

Skill      XL: |  1  2  3  4  5  6  7 |
---------------+----------------------+-----
Earth Magic    | 4 6 7 9 11 | 11.1
Fighting       | |  0.4
Maces & Flails | |  0.4
Armour         | |  0.9
Dodging        | |  1.7
Stealth        | |  2.1
Spellcasting   | |  2.1
Transmutations | |  0.7

Action                   |  1- 3 |  4- 6 |  7- 9 || total
-------------------------+-------+-------+-------++-------
Melee: Unarmed           |   193 |       |       ||   193
       Whip              |    25 |   228 |   155 ||   408
 Cast: Sandblast         |    14 |    38 |    43 ||    95
  Use: Scroll            |       |     1 |       ||     1
       Potion            |       |       |     3 ||     3
 Stab: Sleeping          |     4 |       |       ||     4
  Eat: Chunk             |     4 |     8 |     7 ||    19
Armor: Robe              |    76 |   107 |    63 ||   246
       Skin              |       |       |    20 ||    20
Dodge: Dodged            |   145 |   184 |   132 ||   461
